 Dungeon Crawl Stone Soup version 0.30-a0-305-g026cb31310 (console) character file.

Game seed: 5453876080135487418

3271 Ignak the Thaumaturge (level 10, -4/74 HPs)
             Began as a Gnoll Hedge Wizard on Oct 21, 2022.
             Slain by a centaur simulacrum (9 damage)
             ... on level 6 of the Dungeon.
             The game lasted 00:23:42 (7344 turns).

Ignak the Thaumaturge (Gnoll Hedge Wizard)          Turns: 7344, Time: 00:23:46

Health: -4/74      AC:  8    Str:  9    XL:     10   Next: 0%
Magic:  17/31      EV: 14    Int: 18    God:
Gold:   393        SH:  0    Dex: 12    Spells: 10/26 levels left

rFire   . . .      SeeInvis .    t - +7 spear {flame, *Noise Fly rPois rN+++}
rCold   . . .      Faith    .    (no shield)
rNeg    + + +      Spirit   .    b - +0 robe
rPois   +          Reflect  .    j - +0 helmet
rElec   .          Harm     .    (no cloak)
rCorr   .          Rampage  .    I - +0 pair of gloves
Will    .....                    s - +2 pair of boots
Stlth   +++.......               (no amulet)
HPRegen 0.32/turn                m - ring of magical power
MPRegen 0.22/turn                (no ring)

@: flying
A: fangs 1, strong nose, distributed training
a: no special abilities


You were on level 6 of the Dungeon.
You visited 2 branches of the dungeon, and saw 8 of its levels.

You collected 393 gold pieces.

Inventory:

Hand Weapons
 o - a +0 short sword
 p - a +2 scythe of flaming
 t - the +7 spear of Myrphuge (weapon) {flame, *Noise Fly rPois rN+++}
   (You found it on level 3 of the Dungeon)

   It burns those it strikes, dealing additional fire damage.
   rPois:     It protects you from poison.
   rN:        It renders you almost immune to negative energy.
   Fly:       It grants you flight.
   *Noise:    It may make noises in combat.
 H - a +3 vampiric rapier
Missiles
 A - 3 throwing nets (quivered)
 N - 16 poisoned darts
Armour
 b - a +0 robe (worn)
 j - a +0 helmet (worn)
 s - a +2 pair of boots (worn)
 u - a +0 kite shield
 I - a +0 pair of gloves (worn)
Magical Staves
 w - a staff of poison
Jewellery
 l - an amulet of faith
 m - a ring of magical power (left hand)
 J - a ring of ice
 K - a ring of magical power
Wands
 E - a wand of iceblast (2)
Scrolls
 c - a scroll of immolation {unknown}
 h - 4 scrolls of teleportation {unknown}
 i - a scroll of blinking {unknown}
 n - 4 scrolls of enchant weapon
 r - a scroll of fear {unknown}
 v - a scroll of silence {unknown}
 x - a scroll of poison {unknown}
 y - 3 scrolls of enchant armour {unknown}
 z - a scroll of noise {unknown}
 D - a scroll of summoning {unknown}
 G - 2 scrolls of identify {unknown}
 L - a scroll of amnesia {unknown}
 M - a scroll of butterflies {unknown}
Potions
 a - a potion of invisibility {unknown}
 d - a potion of magic
 e - 5 potions of curing {unknown}
 f - 3 potions of haste {unknown}
 g - 2 potions of resistance {unknown}
 k - 2 potions of flight {unknown}
 q - 2 potions of degeneration {unknown}
 B - 2 potions of attraction {unknown}
 C - a potion of cancellation {unknown}
 F - a potion of mutation {unknown}


   Skills:
 + Level 5.0 Fighting
 + Level 5.0 Short Blades
 + Level 5.0 Long Blades
 + Level 5.0 Axes
 + Level 5.0 Maces & Flails
 + Level 5.0 Polearms
 + Level 5.0 Staves
 + Level 5.0 Ranged Weapons
 + Level 5.0 Throwing
 + Level 5.0 Armour
 + Level 6.8 Dodging
 + Level 6.5 Stealth
 + Level 5.0 Shields
 + Level 5.0 Unarmed Combat
 + Level 8.8 Spellcasting
 + Level 4.6 Conjurations
 + Level 4.1 Hexes
 + Level 4.6 Summonings
 + Level 4.1 Necromancy
 + Level 4.6 Translocations
 + Level 4.1 Transmutations
 + Level 4.1 Fire Magic
 + Level 4.1 Ice Magic
 + Level 4.1 Air Magic
 + Level 4.1 Earth Magic
 + Level 4.1 Poison Magic
 + Level 5.4 Invocations
 + Level 5.0 Evocations


You had 10 spell levels left.
You knew the following spells:

 Your Spells              Type           Power      Damage    Failure   Level
a - Magic Dart            Conj           96%        1d7       1%          1
b - Blink                 Tloc           48%        N/A       1%          2
c - Ignite Poison         Fire/Tmut/Pois 22%        N/A       4%          3
d - Mephitic Cloud        Conj/Pois/Air  23%        N/A       4%          3
e - Call Imp              Summ           24%        N/A       1%          2
f - Kindle Blastsparks    Fire/Tloc/Air  46%        2d13      4%          3
q - Wereblood             Tmut           22%        N/A       2%          2

Your spell library contained the following spells:

 Spells                   Type           Power      Damage    Failure   Level
 Beastly Appendage        Tmut           44%        N/A       1%          1
 Slow                     Hex            88%        N/A       1%          1
 Cigotuvi's Dreadful Rot  Necr/Pois/Air  44%        N/A       2%          2
 Gell's Gravitas          Tloc           24%        N/A       4%          3
 Lesser Beckoning         Tloc           48%        N/A       4%          3
 Spider Form              Tmut/Pois      22%        N/A       4%          3
 Teleport Other           Tloc           24%        N/A       4%          3
 Freezing Cloud           Conj/Ice/Air   11%        6-21      38%         5


Dungeon Overview and Level Annotations

Branches:
Dungeon (7/15)             Temple (1/1) D:5

Altars:
Ashenzari
Cheibriados
Dithmenos
Elyvilon
Fedhas
Gozag
Hepliaklqana
Kikubaaqudgha
Makhleb
Nemelex Xobeh
Okawaru
Qazlal
Ru
Uskayaw
Xom
Yredelemnul
Zin
The Shining One

Annotations:
D:6 MrRokkomies's ghost, novice AtDe


Innate Abilities, Weirdness & Mutations

You have very sharp teeth.
Your uncanny sense of smell can sniff out nearby items.
Your experience applies equally to all skills.


Message History

The spectral killer bee closely misses you.
Your Fighting skill increases to level 5!
Your Short Blades skill increases to level 5!
Your Long Blades skill increases to level 5!
Your Axes skill increases to level 5!
Your Maces & Flails skill increases to level 5!
Your Polearms skill increases to level 5!
Your Staves skill increases to level 5!
Your Ranged Weapons skill increases to level 5!
Your Throwing skill increases to level 5!
Your Armour skill increases to level 5!
Your Shields skill increases to level 5!
Your Unarmed Combat skill increases to level 5!
Your Evocations skill increases to level 5!
Casting: Blink (safe; 1% risk of failure)
Confirm with . or Enter, or press ? or * to list all spells.
You blink.
Press: ? - help, v - describe, . - travel
Here: a centaur simulacrum (purple smoke)
The floor.
Aiming: Iceblast
Press: ? - help, Shift-Dir - straight line The mass of ice explodes!
The iceblast engulfs the spectral killer bee!
The spectral killer bee partially resists.
You destroy the spectral killer bee!
You have reached level 10!
Okay, then.
Okay, then.
As you read the scroll labelled OZODES AQEDA, it crumbles to dust.
It is a scroll of enchant weapon.
Your +2 vampiric rapier glows red for a moment.
Casting: Blink (safe; 1% risk of failure)
Confirm with . or Enter, or press ? or * to list all spells.
A beastly little devil appears in a puff of frigid air.
You feel stable enough to blink again. The centaur simulacrum hits you.
* * * LOW HITPOINT WARNING * * *
The centaur simulacrum freezes you!
You die...

.........####....##.....##.......
..#.....###......#...⌠P..........
####.............#....P.P#.......
.##........[##.#.##_._._##.......
.....##.....<..#..###P##.......##
......##............>.##.).)...##
.....####..............#.........
.....##..............Z##...W.....
...#............@Z##§....###.....
#..#.............##.....###......
..............5..#.......#.....#.
....##..............##.#######...
...................###.#.#.#.##..
............###.....##.#.....#...
........###..##......#.##[...'...
.......#......#...#....#.?...'...
..............#...##...##....'...


You could see a spectral centaur, a centaur simulacrum (ally target) and a
friendly white imp (summoned).

Vanquished Creatures
  Prince Ribbit (D:5)
  Sigmund (D:2)
  An unseen horror simulacrum (D:6)
  A steam dragon (D:6)
  Duvessa (D:5)
  2 water moccasins
  2 sky beasts
  2 ice beasts
  A black bear (D:3)
  A centaur (D:7)
  3 phantoms
  A kobold brigand (D:7)
  A bullfrog (D:7)
  A scorpion (D:5)
  A necrophage (D:4)
  4 wights
  Dowan (D:5)
  A howler monkey (D:4)
  3 hounds
  5 jellies
  A gnoll bouda (D:3)
  2 orc priests
  Terence (D:2)
  4 iguanas
  3 orc wizards (D:5)
  A spectral killer bee (D:6)
  12 gnolls
  3 adders
  2 white imps (D:6)
  2 ufetubi
  A dart slug (D:1)
  13 orcs
  2 ball pythons
  8 endoplasms
  3 giant cockroaches
  4 goblins
  2 hobgoblins
  6 jackals
  5 quokkas
  5 bats
  5 frilled lizards
  20 kobolds
  5 rats
144 creatures vanquished.

Vanquished Creatures (collateral kills)
  A black bear (D:5)
  A wight (D:5)
  3 gnolls (D:5)
  A worm (D:3)
  A ball python (D:1)
  A goblin (D:1)
  2 hobgoblins
  A quokka (D:2)
  A bat (D:1)
  A rat (D:1)
13 creatures vanquished.

Grand Total: 157 creatures vanquished

Notes
Turn   | Place    | Note
-------+----------+-------------------------------------------
     0 | D:1      | Ignak the Gnoll Hedge Wizard began the quest for the Orb.
     0 | D:1      | Reached XP level 1. HP: 13/13 MP: 8/8
   168 | D:1      | Reached XP level 2. HP: 14/19 MP: 10/10
   172 | D:1      | Learned a level 2 spell: Blink
   175 | D:1      | Learned a level 2 spell: Call Imp
   405 | D:1      | Found a faded altar of an unknown god.
   649 | D:1      | Reached XP level 3. HP: 18/25 MP: 9/11
   860 | D:2      | Noticed Terence
   912 | D:1      | Learned a level 3 spell: Mephitic Cloud
   916 | D:1      | Learned a level 3 spell: Kindle Blastsparks
   920 | D:1      | Learned a level 3 spell: Ignite Poison
  1067 | D:2      | Reached skill level 1 in Invocations
  1380 | D:2      | Noticed Sigmund
  1399 | D:2      | Killed Sigmund
  1400 | D:2      | Reached skill level 1 in Fighting
  1400 | D:2      | Reached skill level 1 in Short Blades
  1400 | D:2      | Reached skill level 1 in Long Blades
  1400 | D:2      | Reached skill level 1 in Axes
  1400 | D:2      | Reached skill level 1 in Maces & Flails
  1400 | D:2      | Reached skill level 1 in Polearms
  1400 | D:2      | Reached skill level 1 in Staves
  1400 | D:2      | Reached skill level 1 in Ranged Weapons
  1400 | D:2      | Reached skill level 1 in Throwing
  1400 | D:2      | Reached skill level 1 in Armour
  1400 | D:2      | Reached skill level 1 in Shields
  1400 | D:2      | Reached skill level 1 in Unarmed Combat
  1400 | D:2      | Reached skill level 1 in Hexes
  1400 | D:2      | Reached skill level 1 in Necromancy
  1400 | D:2      | Reached skill level 1 in Transmutations
  1400 | D:2      | Reached skill level 1 in Fire Magic
  1400 | D:2      | Reached skill level 1 in Ice Magic
  1400 | D:2      | Reached skill level 1 in Air Magic
  1400 | D:2      | Reached skill level 1 in Earth Magic
  1400 | D:2      | Reached skill level 1 in Poison Magic
  1400 | D:2      | Reached skill level 1 in Evocations
  1400 | D:2      | Reached XP level 4. HP: 27/33 MP: 13/13
  1400 | D:2      | Reached XP level 5. HP: 31/38 MP: 13/14
  1498 | D:2      | Killed Terence
  1499 | D:2      | Reached XP level 6. HP: 44/44 MP: 14/16
  1904 | D:3      | Reached skill level 5 in Dodging
  2047 | D:3      | Identified the +7 spear of Myrphuge {flame, *Noise Fly
                  | rPois rN+++}
  2774 | D:4      | Noticed a black bear
  2833 | D:3      | Killed a black bear
  2887 | D:4      | Reached XP level 7. HP: 50/50 MP: 10/18
  3409 | D:4      | Reached skill level 5 in Stealth
  3595 | D:5      | Entered Level 5 of the Dungeon
  3726 | D:4      | Reached XP level 8. HP: 42/58 MP: 19/19
  3893 | D:5      | Noticed Duvessa
  3906 | D:5      | Noticed Dowan
  3911 | D:5      | Killed Duvessa
  3912 | D:5      | Reached skill level 8 in Spellcasting
  3915 | D:5      | Killed Dowan
  4207 | D:5      | Found a sacrificial altar of Ru.
  4310 | D:5      | Found a staircase to the Ecumenical Temple.
  4558 | D:5      | Noticed Prince Ribbit
  4567 | D:5      | Killed Prince Ribbit
  4568 | D:5      | Reached XP level 9. HP: 37/65 MP: 21/21
  4845 | D:6      | Found a runed translucent gate.
  4845 | D:6      | Found a runed translucent gate.
  4845 | D:6      | Found a runed translucent gate.
  4848 | D:6      | Noticed MrRokkomies's ghost (novice AtDe)
  4990 | D:6      | Found a white marble altar of Elyvilon.
  4995 | D:6      | Found an ancient bone altar of Kikubaaqudgha.
  4999 | D:6      | Found a glowing silver altar of Zin.
  5366 | D:6      | Learned a level 2 spell: Wereblood
  5407 | D:6      | Found a shadowy altar of Dithmenos.
  5628 | Temple   | Entered the Ecumenical Temple
  5980 | D:6      | Reached skill level 5 in Invocations
  7173 | D:7      | Found a hazy altar of Hepliaklqana.
  7341 | D:6      | Reached skill level 5 in Fighting
  7341 | D:6      | Reached skill level 5 in Short Blades
  7341 | D:6      | Reached skill level 5 in Long Blades
  7341 | D:6      | Reached skill level 5 in Axes
  7341 | D:6      | Reached skill level 5 in Maces & Flails
  7341 | D:6      | Reached skill level 5 in Polearms
  7341 | D:6      | Reached skill level 5 in Staves
  7341 | D:6      | Reached skill level 5 in Ranged Weapons
  7341 | D:6      | Reached skill level 5 in Throwing
  7341 | D:6      | Reached skill level 5 in Armour
  7341 | D:6      | Reached skill level 5 in Shields
  7341 | D:6      | Reached skill level 5 in Unarmed Combat
  7341 | D:6      | Reached skill level 5 in Evocations
  7343 | D:6      | Reached XP level 10. HP: 6/74 MP: 19/22
  7344 | D:6      | Slain by a centaur simulacrum

Illustrated notes

Levels and vault maps discovered:
D:1:      wander_arrival_peaceful_grave, layout_basic,
          ebering_ecumenical_altar_sacrificial, chequers_garden,
          dreamdust_princess_corridor
D:2:      layout_loops_ring, minmay_misc_feat_square, uniq_terence, uniq_sigmund
D:3:      layout_loops_ring, dreamdust_princess_bridge
D:4:      layout_basic, kennysheep_generic_room_4
D:5:      dreamdust_elfheim, layout_loops_ring, overflow_temple_1_default,
          temple_pool_b, uniq_duvessa, uniq_prince_ribbit1
D:6:      layout_cave_pools, mainiacjoe_overflow_alcove_2,
          gammafunk_temple_overflow_forgotten, gammafunk_ghost_necromancy
D:7:      layout_cave_pods, nzn_hepliaklqana_mist_gate
Temple:   hc_temple_tempest_star

Skill      XL: |  1  2  3  4  5  6  7  8  9 |
---------------+----------------------------+-----
Conjurations   | 2 3 4 |  4.6
Summonings     | 2 3 4 |  4.6
Translocations | 2 3 4 |  4.6
Invocations    | 2 3 4 5 |  5.4
Fighting       | 1 2 3 4 5 |  5.0
Short Blades   | 1 2 3 4 5 |  5.0
Long Blades    | 1 2 3 4 5 |  5.0
Axes           | 1 2 3 4 5 |  5.0
Maces & Flails | 1 2 3 4 5 |  5.0
Polearms       | 1 2 3 4 5 |  5.0
Staves         | 1 2 3 4 5 |  5.0
Ranged Weapons | 1 2 3 4 5 |  5.0
Throwing       | 1 2 3 4 5 |  5.0
Armour         | 1 2 3 4 5 |  5.0
Shields        | 1 2 3 4 5 |  5.0
Unarmed Combat | 1 2 3 4 5 |  5.0
Hexes          | 1 2 3 4 |  4.1
Necromancy     | 1 2 3 4 |  4.1
Transmutations | 1 2 3 4 |  4.1
Fire Magic     | 1 2 3 4 |  4.1
Ice Magic      | 1 2 3 4 |  4.1
Air Magic      | 1 2 3 4 |  4.1
Earth Magic    | 1 2 3 4 |  4.1
Poison Magic   | 1 2 3 4 |  4.1
Evocations     | 1 2 3 4 5 |  5.0
Dodging        | 5 6 |  6.8
Stealth        | 5 6 |  6.5
Spellcasting   | 8 |  8.8

Action                   |  1- 3 |  4- 6 |  7- 9 | 10-12 || total
-------------------------+-------+-------+-------+-------++-------
Melee: Dagger            |    81 |       |       |       ||    81
       Bite              |    17 |     1 |    28 |       ||    46
       Punch             |     4 |     1 |     9 |       ||    14
       Short sword       |    37 |     1 |       |       ||    38
       Halberd           |       |    31 |       |       ||    31
       Spear             |       |    36 |   304 |       ||   340
 Cast: Magic Dart        |     2 |     4 |       |       ||     6
       Call Imp          |     9 |     1 |    22 |     1 ||    33
       Mephitic Cloud    |     2 |     7 |     9 |       ||    18
       Kindle Blastspark |     1 |     3 |     1 |       ||     5
       Ignite Poison     |     1 |       |       |       ||     1
       Blink             |       |     4 |     8 |       ||    12
       Wereblood         |       |       |     2 |       ||     2
Evoke: Wand              |       |       |     2 |       ||     2
  Use: Scroll            |       |       |       |     1 ||     1
 Stab: Sleeping          |    11 |     3 |     8 |       ||    22
       Confused          |     2 |     3 |     6 |       ||    11
       Distracted        |       |       |     2 |       ||     2
Armor: Robe              |    31 |    22 |    70 |       ||   123
Dodge: Dodged            |    66 |    49 |   190 |       ||   305
Block: Kite shield       |       |       |    22 |       ||    22

Table legend: (Time is in decaauts)
 A = Elapsed time spent in this place.
 B = Non-inter-level travel time spent in this place.
 C = Inter-level travel time spent in this place.
 D = Time resting spent in this place.
 E = Time spent auto-exploring this place.
 F = Levels seen in this place.
 G = Mean time per level.
                   A        B        C        D        E       F      G
               +--------+--------+--------+--------+--------+-----+--------+
         Total |   7348 |   7105 |    243 |    992 |   3805 |   8 |  918.5 |
       Dungeon |   7107 |   6893 |    214 |    992 |   3611 |   7 | 1015.3 |
        Temple |    240 |    212 |     28 |      0 |    194 |   1 |  240.0 |
               +--------+--------+--------+--------+--------+-----+--------+

Top non-repeatable levels by time:
     D:5: 1351 daAuts
     D:3: 1132 daAuts
     D:7: 1013 daAuts
     D:2: 980 daAuts
     D:4: 969 daAuts
     D:6: 937 daAuts
     D:1: 723 daAuts
  Temple: 240 daAuts
